AoeStats
← PNAL | Mr.Costas

Hideout

510187360Analyzed
1v1 RM · 17h ago on Sep 29, 2026· 37m 0s· 2 players
Game mode
Random Map
Map size
Tiny (2 player)
Population
200
Speed
Normal
Resources
Standard
Victory
Conquest
Starting age
Dark Age
Ending age
Imperial Age
RankedLock teamsTeams togetherTeam positionsShared explorationLock speedFull tech treeHidden civsTurbo modeCheats
Victory
Defeat
🇬🇧 Sicilians · United Kingdom
1571
+16
🇪🇸 Byzantines · Spain
1574
-16
Firo
6:33 Loom
8:44 Feudal Age
10:52 Double-Bit Axe
14:51 Horse Collar
21:14 Fletching
29:38 Castle Age
29:28 Gold Mining
29:54 Scale Barding Armor
30:07 Bloodlines
31:06 Chain Barding Armor
32:20 Forging
33:39 Husbandry
33:58 Heavy Plow
PNAL | Mr.Costas
8:19 Loom
8:48 Loom
10:34 Feudal Age
15:14 Castle Age
13:52 Double-Bit Axe
16:45 Loom
Connection lost

Rejoining the realm…

Still unreachable

The connection could not be restored.

Session expired

The server has moved on; the page needs a fresh start.